 Dungeon Sprint DCSS version 0.17-a0-18-gc25b939 (webtiles) character file.

28 BluebellGnoll the Covered (level 2, 0/24 HPs)
             Began as a Demonspawn Monk on Mar 9, 2015.
             Was a Believer of Makhleb.
             Slain by a hell rat (9 damage)
             ... summoned by a deep elf summoner
             ... in the Dungeon (Sprint V: "Ziggurat Sprint").
             The game lasted 00:02:50 (91 turns).

BluebellGnoll the Covered (Demonspawn Monk)           Turns: 91, Time: 00:02:51

Health: 0/24       AC: 20    Str: 17    XL:     2   Next: 96%
Magic:  2/2        EV: -4    Int: 11    God:    Makhleb [**....]
Gold:   0          SH: 26    Dex: 21    Spells: 0 memorised, 1 level left

rFire  + . .     SeeInvis .       - Unarmed
rCold  + . .     Clarity  .     i - +5 gold dragon armour
rNeg   + . .     SustAb   .     o - +18 shield of the gong {rElec rN+ MR+ EV-5}
rPois  +         Gourm    .     (no helmet)
rElec  +         Spirit   .     (no cloak)
rCorr  .         Warding  .     (no gloves)
rMut   .         NoTele   +     (no boots)
MR     +....                    (no amulet)
Stlth  ..........               s - +6 ring of strength
                                n - +6 ring of dexterity

@: somewhat resistant to hostile enchantments, extremely unstealthy
A: demonic guardian 1
a: Minor Destruction, Renounce Religion


You were in the Dungeon.
You worshipped Makhleb.
Makhleb was pleased with you.
You were not hungry.

You visited 1 branch

Inventory:

Armour
 i - a +5 gold dragon armour (worn)
 o - the +18 shield of the gong (worn) {rElec rN+ MR+ EV-5}
   (You found it in the Dungeon)

   It affects your evasion (-5).
   It insulates you from electricity.
   It protects you from negative energy.
   It affects your resistance to hostile enchantments.
Jewellery
 n - a +6 ring of dexterity (left hand)
 s - a +6 ring of strength (right hand)
Magical devices
 j - a wand of disintegration (7)
 k - a wand of fire (5)
 l - a wand of cold (4)
 m - a wand of draining (5)
Scrolls
 h - 4 scrolls of blinking
 r - 4 scrolls of amnesia
 t - 3 scrolls of recharging
 u - 7 scrolls of fog
 v - 5 scrolls of identify
 w - 5 scrolls of remove curse
 x - 2 scrolls of fear
Potions
 c - 10 potions of curing
 d - 10 potions of heal wounds
 e - 6 potions of haste
 f - 7 potions of magic
 g - 3 potions of berserk rage
 z - 2 potions of brilliance
 A - 2 potions of invisibility
 B - 2 potions of restore abilities
 C - 4 potions of resistance
 E - 5 potions of agility
 F - 5 potions of might
Books
 a - a book of Battle

   Spells                             Type                      Level
   a - Infusion                       Charms                       1
   b - Shroud of Golubria             Charms/Translocation         2
   c - Song of Slaying                Charms                       2
   d - Spectral Weapon                Hexes/Charms                 3
   e - Regeneration                   Charms/Necromancy            3
Comestibles
 b - 5 bread rations
 p - 42 fruits
 q - 4 meat rations


   Skills:
 * Level 3.3 Fighting
 - Level 6.7 Armour
 - Level 2.9 Dodging
 - Level 1.8 Stealth
 - Level 0.1 Shields
 + Level 4.2 Unarmed Combat


You had one spell level left.
You didn't know any spells.

Dungeon Overview and Level Annotations

Branches:
Dungeon (1/1)

Altars:
Ashenzari
Cheibriados
Dithmenos
Elyvilon
Fedhas
Gozag
Kikubaaqudgha
Makhleb
Nemelex Xobeh
Okawaru
Qazlal
Ru
Sif Muna
Trog
Vehumet
Xom
Yredelemnul
Zin
The Shining One
Beogh
Jiyva
Lugonu


Innate Abilities, Weirdness & Mutations

A weak demonic guardian rushes to your aid.


Message History

You block the hell rat's attack.
GONNNNG!
You hit the deep elf fighter but do no damage.
You block the hell rat's attack.
SHROANNG!
You block the tarantella's attack.
GONNNNG!
The deep elf fighter hits you but does no damage.
The hell rat bites you.
The hell rat bites you but does no damage.
You block the hell rat's attack.
GONNNNG!
The tarantella bites you.
The deep elf fighter casts a spell at you.
The magic dart hits you!
The hell rat bites you but does no damage.
You block the hell rat's attack.
GONNNNG!
The hell rat bites you!
You die...

▓▓▓▓▓▓▓▓▓▓▓▓▓
▓.8©8.▓.8©8.▓
▓.P|}.▓.....▓
▓.....▓.[...▓
▓.....▓.....▓
▓..e..▓.....▓
▓.srr.▓.....▓
▓.e@rs▓▓▓▓▓▓▓
▓▓▓▓▓▓▓


You could see a demonic crawler, a deep elf summoner, a tarantella, a deep elf
fighter and 3 hell rats.

Vanquished Creatures
  A sheep (D)
  A jackal (D)
2 creatures vanquished.

Vanquished Creatures (others)
  A crimson imp (D)
  An iron imp (D)
2 creatures vanquished.

Grand Total: 4 creatures vanquished

Notes
Turn   | Place    | Note
--------------------------------------------------------------
     0 | D        | BluebellGnoll, the Demonspawn Monk, began the quest for the Orb.
     0 | D        | Reached XP level 1. HP: 18/18 MP: 1/1
     0 | D        | Found a basalt altar of Yredelemnul.
     0 | D        | Found an iron altar of Okawaru.
    15 | D        | Found a viscous altar of Jiyva.
    15 | D        | Found a corrupted altar of Lugonu.
    15 | D        | Found a white marble altar of Elyvilon.
    17 | D        | Found a sparkling altar of Nemelex Xobeh.
    17 | D        | Found a burning altar of Makhleb.
    17 | D        | Found a deep blue altar of Sif Muna.
    18 | D        | Found a bloodstained altar of Trog.
    32 | D        | Found a radiant altar of Vehumet.
    41 | D        | Found a shimmering altar of Xom.
    62 | D        | Became a worshipper of Makhleb the Destroyer
    62 | D        | Acquired Makhleb's first power
    62 | D        | Acquired Makhleb's second power
    66 | D        | Reached skill level 6 in Armour
    66 | D        | Gained mutation: A weak demonic guardian rushes to your aid. [demonic ancestry]
    66 | D        | Reached XP level 2. HP: 24/24 MP: 2/2
    75 | D        | Entered arena 1.
    85 | D        | Entered arena 2.
    85 | D        | Noticed a deep elf summoner
    85 | D        | Noticed a deep elf fighter
    89 | D        | Noticed a demonic crawler
    89 | D        | Noticed a tarantella
    91 | D        | Slain by a hell rat

Action                   || total
-------------------------++-------
Melee: Unarmed           ||     9
Evoke: Wand              ||     1
  Use: Potion            ||     1
